 Dungeon Crawl Stone Soup version 0.28.0 (webtiles) character file.

Game seed: 9383384372040134735

26459 raph the Carver (level 12, -25/112 HPs)
             Began as a Minotaur Berserker on Feb 18, 2022.
             Was an Elder of Trog.
             Annihilated by a white ugly thing (31 damage)
             ... on level 4 of the Lair of Beasts.
             The game lasted 00:22:53 (19106 turns).

raph the Carver (Minotaur Berserker)               Turns: 19106, Time: 00:22:54

Health: -25/112    AC: 19    Str: 22    XL:     12   Next: 98%
Magic:  11/11      EV: 26    Int:  4    God:    Trog [****..]
Gold:   222        SH:  0    Dex: 15    Spells: 11/11 levels left

rFire   + . .      SeeInvis .   L - +0 scimitar
rCold   . . .      Faith    .   (no shield)
rNeg    . . .      Spirit   .   w - +0 plate armour
rPois   .          Reflect  .   (helmet restricted)
rElec   .          Harm     .   (no cloak)
rCorr   .          Rampage  .   J - +0 pair of gloves
Will    ++...                   t - +1 pair of boots
Stlth   ..........              H - amulet of the acrobat
HPRegen 1.28/turn               j - +4 ring of slaying
MPRegen 0.12/turn               q - ring of protection from fire

@: mighty, strong-willed (expiring), on berserk cooldown, acrobatic,
regenerating (expiring), hasted, very quick
A: horns 2, retaliatory headbutt
a: Renounce Religion, Berserk, Trog's Hand, Brothers in Arms


You were on level 4 of the Lair of Beasts.
You worshipped Trog.
Trog was greatly pleased with you.
You visited 2 branches of the dungeon, and saw 12 of its levels.

You collected 495 gold pieces.
You spent 273 gold pieces at shops.

Inventory:

Hand Weapons
 a - the +7 Singing Sword {vorpal, sonic wave}
   (You acquired it on level 4 of the Lair of Beasts)

   It inflicts extra damage upon your enemies.
   It radiates damaging sonic waves as it strikes, especially in combat
   involving dangerous or numerous foes.
 b - the +5 shortbow "Faowoit" {vorpal, +Blink Fly Will- rCorr}
   (You found it on level 4 of the Lair of Beasts)

   Any ammunition fired from it inflicts extra damage upon your enemies.
   Fly:       It grants you flight.
   +Blink:    It lets you blink.
   rCorr:     It protects you from acid and corrosion.
   Will:      It decreases your willpower.
 E - a +1 falchion
 L - a +0 scimitar (weapon)
 R - a +0 shortbow
Missiles
 l - 13 poisoned darts (quivered)
 p - 112 arrows
 u - a throwing net
Armour
 d - the +2 robe of the Shoals {rC+ rN+}
   (You found it on level 2 of the Dungeon)

   rC:        It protects you from cold.
   rN:        It protects you from negative energy.
 h - a +0 chain mail
 t - a +1 pair of boots (worn)
 w - a +0 plate armour (worn)
 J - a +0 pair of gloves (worn)
Jewellery
 g - a ring of protection from cold
 j - a +4 ring of slaying (left hand)
 q - a ring of protection from fire (right hand)
 s - an amulet of reflection
 G - an amulet of magic regeneration
 H - an amulet of the acrobat (around neck)
 K - an amulet of guardian spirit
Wands
 y - a wand of flame (2)
 A - a wand of mindburst (9)
 C - a wand of polymorph (6)
 M - a wand of iceblast (5)
 P - a wand of acid (4)
Scrolls
 f - 7 scrolls of teleportation
 i - 4 scrolls of immolation
 B - a scroll of magic mapping
 F - a scroll of blinking
 O - a scroll of enchant weapon
 Q - a scroll of silence
Potions
 c - 3 potions of attraction
 e - 5 potions of curing
 k - 3 potions of invisibility
 m - 2 potions of lignification
 n - 2 potions of heal wounds
 r - a potion of brilliance
 x - a potion of berserk rage {unknown}
 z - a potion of flight {unknown}
 D - a potion of mutation
 I - 2 potions of haste
 N - 2 potions of magic
Miscellaneous
 v - a tin of tremorstones (2/2)


   Skills:
 + Level 12.0 Fighting
 - Level 14.0 Long Blades
 + Level 10.4 Bows
 + Level 11.8 Armour
 + Level 10.8 Dodging


You had 11 spell levels left.
You didn't know any spells.
Your spell library was empty.

Dungeon Overview and Level Annotations

Branches:
Dungeon (8/15)             Temple (0/1) D:5            Lair (4/6) D:8
 Shoals (0/4) Lair:4        Snake (0/4) Lair:2

Altars:
Ashenzari
Cheibriados
Dithmenos
Ru
Trog
Wu Jian
The Shining One

Shops:
D:5 *   D:6 =   D:7 *   D:8 *[

Portals:
Abyss: Lair:4

Annotations:
Lair:4 3 transporters


Innate Abilities, Weirdness & Mutations

You have a pair of horns on your head.
You reflexively headbutt those who attack you in melee.


Message History

Raneoc's ghost is severely damaged.
Raneoc's ghost hits you but does no damage.
You feel very mighty all of a sudden.
You feel the effects of Trog's Hand fading.
The raiju bursts into living lightning!
The living lightning hits you!
* * * LOW HITPOINT WARNING * * *
The raiju blinks!
Raneoc's ghost hits you.
* * * LOW HITPOINT WARNING * * *
You barely miss Raneoc's ghost.
Raneoc's ghost is severely damaged.
You barely miss Raneoc's ghost. Your headbutt misses Raneoc's ghost.
Raneoc's ghost is severely damaged.
The raiju closely misses you. You furiously retaliate!
You headbutt the raiju! You slash Raneoc's ghost! You headbutt Raneoc's ghost!
Raneoc's ghost is almost destroyed.
Raneoc's ghost hits you but does no damage.
You miss Raneoc's ghost. Your headbutt misses Raneoc's ghost.
Raneoc's ghost is almost destroyed.
The raiju bites you but does no damage.
You miss Raneoc's ghost.
Raneoc's ghost is almost destroyed.
Raneoc's ghost hits you but does no damage.
You hit Raneoc's ghost.
Raneoc's ghost is almost destroyed.
The raiju bursts into living lightning!
The living lightning hits you!
* * * LOW HITPOINT WARNING * * *
The raiju blinks!
You hit Raneoc's ghost. You headbutt Raneoc's ghost!
You destroy Raneoc's ghost!
Trog accepts your kill.
Your Fighting skill increases to level 12!
You slice the raiju!!
You kill the raiju!
Trog accepts your kill. The white ugly thing claws you!
* * * LOW HITPOINT WARNING * * *
The white ugly thing freezes you!!
You die...

...................#.............
.............##....##............
........<....##.#................
...........P#####....^...........
.................................
P#...............................
.##.......###..###............<..
.##......##h####.##.###..........
.........#.#§###@.###.#..........
.........#W.#..u##..#§#..........
........##..##..§..#.##.......^..
.......##u#.###.##W..#...........
.......##hu.#.##§...##...........
........##.##..#§§u##............
..##.....###..##.)§#.............
..##..........##§..#..........P..
.P...........##∩.u.###....##.....


You could see a white ugly thing.

Vanquished Creatures
  The ghost of Raneoc the Severer, a journeyman MiFi of Okawaru (Lair:4)
  Josephine (Lair:4)
  5 hydras
  A catoblepas (Lair:3)
  Joseph (D:7)
  13 elephants
  2 black mambas (Lair:2)
  Maggie (D:6)
  5 cane toads
  9 komodo dragons
  A rime drake (Lair:4)
  A merfolk (Lair:4)
  A polar bear (Lair:2)
  A wind drake (shapeshifter) (D:8)
  A raiju (Lair:4)
  Prince Ribbit (D:6)
  6 dream sheep (Lair:4)
  5 wraiths (Lair:4)
  A spriggan (Lair:4)
  5 wyverns
  25 yaks
  Menkaure (D:7)
  7 water moccasins
  Duvessa (D:7)
  2 ice beasts
  2 sky beasts
  An orc warrior (D:8)
  A necrophage (D:6)
  8 wolves
  A centaur (D:8)
  A phantom (D:5)
  Blork the orc (D:4)
  A kobold brigand (D:8)
  7 bullfrogs
  4 scorpions
  Dowan (D:7)
  3 wights (D:8)
  4 howler monkeys
  A bullfrog zombie (D:6)
  A jelly (D:4)
  2 orc priests (D:8)
  Jessica (D:3)
  A centaur skeleton (D:5)
  8 orc wizards
  Robin (D:4)
  A howler monkey skeleton (D:4)
  7 adders
  An adder skeleton (D:4)
  2 worms
  8 dart slugs
  27 orcs
  5 endoplasms
  5 giant cockroaches
  22 goblins
  9 hobgoblins
  4 jackals (D:1)
  8 kobolds
  4 quokkas
  10 ball pythons
  5 bats
  4 frilled lizards
  21 rats
291 creatures vanquished.

Vanquished Creatures (collateral kills)
  2 ugly things (Lair:4)
2 creatures vanquished.

Vanquished Creatures (others)
  11 fungi
  46 plants
57 creatures vanquished.

Grand Total: 350 creatures vanquished

Notes
Turn   | Place    | Note
-------+----------+-------------------------------------------
     0 | D:1      | raph the Minotaur Berserker began the quest for the Orb.
     0 | D:1      | Reached XP level 1. HP: 19/19 MP: 0/0
   113 | D:1      | Reached skill level 4 in Long Blades
   162 | D:1      | Reached XP level 2. HP: 23/26 MP: 1/1
   600 | D:1      | Reached skill level 5 in Long Blades
   636 | D:1      | Reached XP level 3. HP: 29/31 MP: 2/2
  1417 | D:2      | Identified the +2 robe of the Shoals {rC+ rN+}
  1453 | D:2      | Reached ** piety under Trog
  1749 | D:2      | Reached skill level 6 in Long Blades
  1749 | D:2      | Reached XP level 4. HP: 39/39 MP: 3/3
  2257 | D:2      | Found a faded altar of an unknown god.
  2492 | D:2      | Found a shadowy altar of Dithmenos.
  2797 | D:3      | Found a glowing golden altar of the Shining One.
  2861 | D:3      | Found a shadowy altar of Dithmenos.
  2933 | D:3      | Noticed Jessica
  2935 | D:3      | Killed Jessica
  2936 | D:3      | Reached skill level 7 in Long Blades
  2936 | D:3      | Reached XP level 5. HP: 45/45 MP: 4/4
  2971 | D:3      | Found a sacrificial altar of Ru.
  3003 | D:3      | Noticed a sky beast
  3012 | D:3      | Killed a sky beast
  3013 | D:3      | Reached skill level 8 in Long Blades
  3622 | D:4      | Reached XP level 6. HP: 51/51 MP: 5/5
  3847 | D:4      | Reached *** piety under Trog
  4275 | D:4      | Noticed Blork the orc
  4283 | D:4      | Killed Blork the orc
  4284 | D:4      | Reached skill level 9 in Long Blades
  4371 | D:4      | Found a snail-covered altar of Cheibriados.
  4376 | D:4      | Noticed Robin
  4404 | D:4      | Killed Robin
  4828 | D:4      | Reached XP level 7. HP: 57/57 MP: 6/6
  5280 | D:5      | Entered Level 5 of the Dungeon
  5458 | D:5      | Found Yzeuf's Assorted Antiques.
  5533 | D:5      | Reached skill level 10 in Long Blades
  6062 | D:5      | Found a staircase to the Ecumenical Temple.
  6838 | D:6      | Reached skill level 11 in Long Blades
  6937 | D:6      | Found Mozul's Jewellery Shop.
  6995 | D:6      | Noticed Prince Ribbit
  7000 | D:6      | Killed Prince Ribbit
  7001 | D:6      | Reached skill level 12 in Long Blades
  7001 | D:6      | Reached XP level 8. HP: 64/64 MP: 7/7
  7235 | D:6      | Noticed Maggie
  7254 | D:6      | Killed Maggie
  7255 | D:6      | Reached skill level 13 in Long Blades
  7533 | D:6      | Found an ornate altar of the Wu Jian Council.
  7872 | D:5      | Bought a scroll of identify for 60 gold pieces
  7872 | D:5      | Bought a scroll labelled SEEKESTR WEQAE for 30 gold pieces
  7906 | D:7      | Noticed Joseph
  7906 | D:7      | Found Ibrus's General Store.
  7913 | D:7      | Killed Joseph
  7914 | D:7      | Reached skill level 14 in Long Blades
  7914 | D:7      | Reached XP level 9. HP: 71/71 MP: 8/8
  7933 | D:7      | Bought a +0 pair of boots for 63 gold pieces
  7943 | D:7      | Reached skill level 1 in Bows
  7956 | D:7      | Noticed Dowan
  7957 | D:7      | Noticed Duvessa
  7960 | D:7      | Killed Dowan
  7963 | D:7      | Killed Duvessa
  8029 | D:7      | Noticed Menkaure
  8164 | D:7      | Killed Menkaure
  8784 | D:7      | Found a broken altar of Ashenzari.
  8807 | D:7      | Reached skill level 5 in Fighting
  9227 | D:8      | Reached skill level 5 in Armour
  9256 | D:8      | Found Kucej's Armour Emporium.
  9554 | D:8      | Found Igonom's General Store.
  9635 | D:8      | Found a staircase to the Lair.
  9636 | D:8      | Noticed a komodo dragon
  9652 | D:8      | Killed a komodo dragon
  9653 | D:8      | Reached skill level 5 in Dodging
  9812 | D:8      | Noticed a wind drake
  9827 | D:8      | Killed a wind drake
  9828 | D:8      | Reached XP level 10. HP: 64/83 MP: 9/9
 10000 | D:8      | Found a bloodstained altar of Trog.
 10088 | D:8      | Reached **** piety under Trog
 10468 | Lair:1   | Entered Level 1 of the Lair of Beasts
 10468 | Lair:1   | Noticed a six-headed hydra
 10946 | D:8      | Killed a six-headed hydra
 10947 | D:8      | Reached skill level 5 in Bows
 11881 | Lair:1   | Noticed a cane toad
 11891 | Lair:1   | Killed a cane toad
 12333 | Lair:1   | Reached XP level 11. HP: 95/95 MP: 10/10
 13038 | D:5      | Bought a scimitar for 120 gold pieces
 14306 | Lair:2   | Noticed a six-headed hydra
 14318 | Lair:2   | Killed a six-headed hydra
 14780 | Lair:2   | Found a staircase to the Snake Pit.
 15146 | Lair:2   | Reached skill level 10 in Fighting
 15694 | Lair:3   | Noticed a catoblepas
 15710 | Lair:3   | Killed a catoblepas
 15880 | Lair:3   | Reached skill level 10 in Armour
 16005 | Lair:3   | Reached XP level 12. HP: 107/107 MP: 11/11
 16843 | Lair:4   | Noticed an eight-headed hydra
 17066 | Lair:4   | Noticed a five-headed hydra
 17074 | Lair:4   | Killed a five-headed hydra
 17218 | Lair:4   | Identified the +5 shortbow "Faowoit" {vorpal, +Blink Fly
                  | Will- rCorr}
 17253 | Lair:4   | Killed an eight-headed hydra
 17586 | Lair:4   | Noticed a six-headed hydra
 17593 | Lair:4   | Killed a six-headed hydra
 17594 | Lair:4   | Reached skill level 10 in Dodging
 17622 | Lair:4   | Found a transporter.
 17635 | Lair:4   | Found a one-way gate to the infinite horrors of the Abyss.
 17635 | Lair:4   | Noticed Raneoc's ghost (journeyman MiFi)
 17748 | Lair:4   | Found a transporter.
 17759 | Lair:4   | Identified a scroll of acquirement
 17759 | Lair:4   | Acquired the +7 Singing Sword {vorpal, sonic wave}
 17759 | Lair:4   | Found the +7 Singing Sword {vorpal, sonic wave}
 18285 | Lair:4   | Noticed Josephine
 18292 | Lair:4   | Killed Josephine
 18293 | Lair:4   | Reached skill level 10 in Bows
 18548 | Lair:4   | Found a transporter.
 18604 | Lair:4   | Found a transporter.
 18800 | Lair:4   | Found a staircase to the Shoals.
 19104 | Lair:4   | Killed Raneoc's ghost
 19106 | Lair:4   | Annihilated by a white ugly thing

Illustrated notes

Levels and vault maps discovered:
D:1:      minmay_arrival_up_and_down, layout_loops_ring, serial_bayou,
          serial_bayou_crossing, serial_bayou_pond_b, serial_bayou_pond_a,
          serial_bayou_lagoon_a, minmay_crystal_room
D:2:      layout_basic, shapermc_ecumenical_altar_totnotflames, basic_altar,
          hangedman_decor_push, minmay_rat_hole
D:3:      kennysheep_the_goblin_king, layout_loops_ring,
          mainiacjoe_overflow_boulevard, mainiacjoe_overflow_cross_hatched,
          nicolae_tso_carved_into_rock, uniq_jessica
D:4:      layout_gridville, mainiacjoe_overflow_small_starburst,
          dk_noncrumbling_3, corexii_hall_statues_i, uniq_blork_the_orc,
          uniq_robin
D:5:      layout_layer_cave, minmay_temple_entry_drinking_statues, serial_shops,
          nicolae_take_the_stairs
D:6:      layout_loops_ring, pdpol_wu_jian_five_deadly_venoms, serial_shops,
          nicolae_shop_behind_doors, uniq_prince_ribbit1, uniq_maggie
D:7:      layout_cave_pools, mainiacjoe_overflow_paths, serial_shops, shop,
          uniq_duvessa, uniq_menkaure, uniq_joseph
D:8:      layout_rooms, lemuel_round_altar, david_lair_shrubbed, serial_shops,
          nicolae_shop_trees, shop
Lair:1:   layout_roguey, lemuel_fruit_tree, grunt_megastairs_1
Lair:2:   layout_regular_city, minmay_snake_entry_six_corridors
Lair:3:   layout_cave_pods
Lair:4:   gammafunk_worm_tunnel, layout_layer_cave, elwin_shoals_entry_rooms,
          gammafunk_ghost_abyssal_escape, uniq_josephine

Skill      XL: |  1  2  3  4  5  6  7  8  9 10 11 12 |
---------------+-------------------------------------+-----
Long Blades    | 4 5 6 7 8 9 12 14 | 14.0
Bows           | 4 6 8 10 | 10.4
Fighting       | 6 8 10 12 | 12.0
Armour         | 5 8 10 11 | 11.8
Dodging        | 5 7 9 10 | 10.8

Action                   |  1- 3 |  4- 6 |  7- 9 | 10-12 || total
-------------------------+-------+-------+-------+-------++-------
Melee: Falchion          |   105 |   131 |   180 |   149 ||   565
       Headbutt          |    22 |    20 |    26 |    86 ||   154
       Punch             |       |     2 |     2 |     8 ||    12
       Scimitar          |       |       |       |   196 ||   196
       Double sword      |       |       |       |    36 ||    36
 Fire: Shortbow          |       |    10 |    28 |    71 ||   109
Invok: Berserk           |     3 |     7 |    10 |    18 ||    38
       Trog's Hand       |       |     2 |     3 |     4 ||     9
       Brothers in Arms  |       |       |       |     1 ||     1
Evoke: Wand              |       |       |       |     1 ||     1
  Use: Scroll            |     3 |     8 |     5 |    12 ||    28
       Potion            |       |     1 |       |     4 ||     5
 Stab: Sleeping          |     1 |       |       |       ||     1
Armor: Animal skin       |    10 |       |       |       ||    10
       Robe              |     5 |    15 |       |       ||    20
       Chain mail        |       |    54 |    52 |    10 ||   116
       Plate armour      |       |       |       |   203 ||   203
Dodge: Dodged            |    45 |    36 |    50 |   162 ||   293
Block: Other             |       |       |     7 |    34 ||    41
       Reflection        |       |       |     2 |     2 ||     4
